Cogmind - Beta 13 X1 @@@ ROGUE MODE // 2023.07.31 @ 16:04:00 Player: Schmee Result: Destroyed by IM-FXN(R) with Subdweller Machine Gun Performance ------------- Evolutions (0) 0 Regions Visited (3) 600 Robots Destroyed (22) 110 Value Destroyed (718) 718 Prototype IDs (0) 0 Alien Tech Used (0) 0 Bonus (0) 0 TOTAL SCORE: 1428 Bonus ------- None Cogmind --------- Core Integrity 0/250 Matter 146/300 Energy 200/200 System Corruption 0% Temperature Cool (0) Movement Treading (250) Ox1 Location -10/Subcaves Parts ------- > --- POWER (1) -------- Subdweller Power Source > --- PROPULSION (2) --- Light Treads Spiked Treads > --- UTILITY (2) ------ High-capacity Storage Unit Makeshift Armor Plating > --- WEAPON (2) ------- Improved Light Cannon Slug Cannon > --- INVENTORY (20) --- Subdweller Power Source Subdweller Power Source Subdweller Power Source Light Treads Subdweller Monowheel Subdweller Monowheel EM Shotgun Subdweller Beam Cannon Battle Rifle Battle Rifle Battle Rifle Subdweller Machine Gun Improved Light Cannon Subdweller Shrapnel Launcher Subdweller Shrapnel Launcher Makeshift Hammer Shrapnel Trap Scrap Shield Fragment (49) Scrap Shield Fragment (48) Peak State ------------ > --- POWER ------------ Subdweller Power Source > --- PROPULSION ------- Light Treads Spiked Treads > --- UTILITY ---------- High-capacity Storage Unit Makeshift Armor Plating > --- WEAPON ----------- Improved Light Cannon Slug Cannon > --- INVENTORY -------- Subdweller Power Source Subdweller Power Source Subdweller Power Source Light Treads Subdweller Monowheel Subdweller Monowheel EM Shotgun Subdweller Beam Cannon Battle Rifle Battle Rifle Battle Rifle Subdweller Machine Gun Improved Light Cannon Subdweller Shrapnel Launcher Subdweller Shrapnel Launcher Makeshift Hammer Scrap Shield Fragment Scrap Shield Fragment Scrap Shield Fragment Scrap Shield Fragment [Rating: 20] Favorites ----------- Power Light Ion Engine Engine Light Ion Engine Propulsion Aluminum Leg Treads Light Treads Leg Aluminum Leg Utility High-capacity Storage Unit Storage High-capacity Storage Unit Protection Light Armor Plating Weapon Light Assault Rifle Energy Gun Subdweller Laser Energy Cannon Subdweller Beam Cannon Ballistic Gun Light Assault Rifle Ballistic Cannon Improved Light Cannon Launcher Subdweller Shrapnel Launcher Build | -11 -10 -10 -10 ------- Run | Jun Mat Min Sub Slots Evolved . | . . . . Power . | . . . . Propulsion . | . . . . Utility . | . . . . Weapon . | . . . . Parts Attached 26 | . 4 4 18 Power 4 | . . . 4 Engine 4 | . . . 4 Core . | . . . . Reactor . | . . . . Propulsion 6 | . 1 . 5 Treads 3 | . . . 3 Leg 3 | . 1 . 2 Wheel . | . . . . Hover . | . . . . Flight . | . . . . Utility 7 | . 2 3 2 Device . | . . . . Storage 4 | . 1 3 . Processor . | . . . . Hackware . | . . . . Protection 3 | . 1 . 2 Artifact . | . . . . Weapon 9 | . 1 1 7 Energy Gun 1 | . . . 1 Energy Cannon 2 | . . . 2 Ballistic Gun 3 | . 1 1 1 Ballistic Cannon 2 | . . . 2 Launcher 1 | . . . 1 Special Weapon . | . . . . Impact Weapon . | . . . . Slashing Weapon . | . . . . Piercing Weapon . | . . . . Special Melee Weapon . | . . . . Unidentified Prototypes . | . . . . Parts Lost 8 | . . . 8 Power 1 | . . . 1 Propulsion 3 | . . . 3 Utility 1 | . . . 1 Weapon 3 | . . . 3 Highest Loss Streak 3 | . . . 3 To Critical Strikes . | . . . . Average Slot Usage (%) 91 | . 89 100 91 Engine 13 | . 14 14 13 Treads 13 | . . . 16 Leg 14 | . 28 28 11 Storage 14 | . 14 14 14 Protection 6 | . 3 14 5 Energy Gun 5 | . . . 6 Energy Cannon 4 | . . . 5 Ballistic Gun 10 | . 28 28 7 Ballistic Cannon 4 | . . . 5 Launcher 2 | . . . 2 Naked Turns . | . . . . Heaviest Build 61 | 10 31 48 61 Greatest Support 40 | 20 20 20 40 Greatest Overweight (x) 2 | . 1 2 2 Average Overweight (x) 1 | . . 1 1 Largest Inventory Capacity 20 | 8 15 20 20 Average Capacity 19 | 8 13 17 20 Most Carried 20 | 6 14 15 20 Average Carried 16 | 6 11 11 18 Final Capacity 20 | 8 15 20 20 Final Carried 19 | 6 14 11 19 Class Distribution -------------------- 55% | Mutant 25% | Derelict-Mutant 18% | Subdweller-Mutant Dominant Class ---------------- Mutant | -10/Materials Mutant | -10/Mines Mutant | -10/Subcaves Resources | -11 -10 -10 -10 ----------- Run | Jun Mat Min Sub Matter Collected 714 | 200 100 68 346 Remotely . | . . . . Salvage Created 733 | . 133 31 569 Parts 61 | . 13 4 44 Haulers Intercepted . | . . . . Recyclers Shooed 2 | . 1 1 . Parts Field Recycled . | . . . . Retrieved Matter . | . . . . Parts Self-Destructed 2 | . . . 2 Prevented . | . . . . Kills | -11 -10 -10 -10 ------- Run | Jun Mat Min Sub Combat Hostiles Destroyed 22 | . 5 2 15 Guns 14 | . 5 2 7 Cannons 5 | . . . 5 AOE 3 | . . . 3 Classes Destroyed 3 | . 2 . 1 Swarmer 5 | . 3 2 . Grunt 2 | . 2 . . Subdweller 15 | . . . 15 Best Kill Streak 5 | . 4 1 5 Combat Bots Only 5 | . 4 1 5 Max Kills in Single Turn 1 | . 1 1 1 Gunslinging . | . . . . Exploded 1 | . . . 1 Melee . | . . . . Uniques/NPCs Destroyed . | . . . . Combat | -11 -10 -10 -10 -------- Run | Jun Mat Min Sub Damage Taken 1342 | . 174 103 1065 Core 257 | . 32 . 225 Absorbed by Shields . | . . . . Core Remaining (%) 100 | 100 . . . Volleys Fired 71 | . 15 11 45 Largest 2 | . 2 2 2 Hottest 119 | . 40 40 119 Shots Fired 129 | . 30 22 77 Gun 100 | . 30 22 48 Cannon 18 | . . . 18 Launcher 11 | . . . 11 Special . | . . . . Kinetic 100 | . 30 22 48 Thermal 29 | . . . 29 Explosive . | . . . . Electromagnetic . | . . . . Robot Hit Streak 16 | . 11 5 16 Robot Miss Streak 5 | . 2 5 1 Penetration Max . | . . . . Secondary Targets . | . . . . Shots Hit Robots 82 | . 18 13 51 Core Hits 35 | . 7 3 25 Critical Kills 1 | . . . 1 Critical Parts Destroyed 1 | . . 1 . Critical Strikes 2 | . . 1 1 Destroy 2 | . . 1 1 Melee Attacks . | . . . . Impact . | . . . . Slashing . | . . . . Piercing . | . . . . Sneak Attacks . | . . . . Combat Hostiles . | . . . . Follow-up Attacks . | . . . . Damage Inflicted 1663 | . 193 121 1349 Guns 923 | . 193 121 609 Cannons 243 | . . . 243 Explosions 497 | . . . 497 Melee . | . . . . Ramming . | . . . . Kinetic 1199 | . 193 121 885 Thermal 464 | . . . 464 Explosive . | . . . . Electromagnetic . | . . . . Impact . | . . . . Slashing . | . . . . Piercing . | . . . . Highest Corruption . | . . . . Average Corruption . | . . . . Corruption Purged . | . . . . Corruption Blocked . | . . . . Overload Shots . | . . . . Overflow Damage . | . . . . Projectiles . | . . . . Explosions . | . . . . Melee . | . . . . Knockbacks 3 | . . . 3 Impact . | . . . . Kinetic 3 | . . . 3 Secondary . | . . . . Self-Inflicted Damage 21 | . . . 21 Shots 2 | . . . 2 Rammed . | . . . . Targets Rammed . | . . . . Kicked . | . . . . Crushed . | . . . . Highest Temperature 20 | . 18 12 20 Average Temperature 8 | . 9 6 8 Received Heat Transfer 153 | . 54 . 99 Siege Activations . | . . . . Robots Corrupted . | . . . . Combat Hostiles . | . . . . Parts Fried . | . . . . Impact Corruptions . | . . . . Robots Melted . | . . . . Combat Hostiles . | . . . . Parts Melted . | . . . . Heat Transferred 561 | . . . 561 Parts Sabotaged . | . . . . Parts Stolen . | . . . . Parts Stripped . | . . . . Power Chain Reactions . | . . . . Missiles Intercepted . | . . . . Alert | -11 -10 -10 -10 ------- Run | Jun Mat Min Sub Peak Influence 160 | . 130 160 . Initial 50 | . . 50 . Average 59 | . 38 74 . Maximum Alert Level . | . . . . Low Security (%) 100 | 100 100 100 . Level 1 . | . . . . Level 2 . | . . . . Level 3 . | . . . . Level 4 . | . . . . Level 5 . | . . . . High Security . | . . . . Max Security . | . . . . Squads Dispatched 2 | . 2 . . Investigation . | . . . . Extermination . | . . . . Reinforcement 2 | . 2 . . Assault . | . . . . Garrison . | . . . . Intercept . | . . . . Searches Triggered . | . . . . Construction Impeded . | . . . . Haulers Reinforced . | . . . . Active Scanning Responses . | . . . . Cargo Convoy Interrupts . | . . . . Stealth | -11 -10 -10 -10 --------- Run | Jun Mat Min Sub Distress Signals . | . . . . Communications Jammed . | . . . . Distress Signals . | . . . . Times Spotted 29 | . 7 5 17 Peak Tracking Total 5 | . 5 3 3 Tactical Retreats 2 | . . 2 . Traps | -11 -10 -10 -10 ------- Run | Jun Mat Min Sub Traps Triggered 1 | . . . 1 Indirectly . | . . . . Trap Hack Attempts . | . . . . Triggered . | . . . . Disarmed . | . . . . Reprogrammed . | . . . . Reused . | . . . . Traps Extracted . | . . . . Installed . | . . . . Triggered . | . . . . Most Traps Carried 1 | . . . 1 Machines | -11 -10 -10 -10 ---------- Run | Jun Mat Min Sub Machines Disabled . | . . . . Max in Single Turn . | . . . . Machines Repaired . | . . . . Machines Sabotaged . | . . . . Overloaded Fab Kills . | . . . . Hacking | -11 -10 -10 -10 --------- Run | Jun Mat Min Sub Machines Accessed 1 | . . . 1 Terminals . | . . . . Fabricators . | . . . . Repair Stations . | . . . . Recycling Units . | . . . . Scanalyzers . | . . . . Garrison Access . | . . . . Total Hacks 2 | . . . 2 Successful 2 | . . . 2 Failed . | . . . . Catastrophic . | . . . . Database Lockouts . | . . . . Manual . | . . . . Terminals . | . . . . Fabricators . | . . . . Repair Stations . | . . . . Recycling Units . | . . . . Scanalyzers . | . . . . Garrison Access . | . . . . Terminal Hacks 2 | . . . 2 Record 2 | . . . 2 Fabricator Hacks . | . . . . Repair Station Hacks . | . . . . Recycling Unit Hacks . | . . . . Scanalyzer . | . . . . Garrison Access Hacks . | . . . . Unauthorized Hacks . | . . . . Terminals . | . . . . Fabricators . | . . . . Repair Stations . | . . . . Recycling Units . | . . . . Scanalyzers . | . . . . Garrison Access . | . . . . Data Cores Recovered . | . . . . Used . | . . . . Hacking Detections . | . . . . Full Trace Events . | . . . . Feedback Events . | . . . . Feedback Blocked . | . . . . Robot Schematics Acquired . | . . . . Robots Built . | . . . . Authchips . | . . . . Time . | . . . . Total Robot Build Rating . | . . . . Part Schematics Acquired . | . . . . Parts Built . | . . . . Authchips . | . . . . Time . | . . . . Total Part Build Rating . | . . . . Parts Repaired . | . . . . Time . | . . . . Parts Recycled . | . . . . Recycled Matter . | . . . . Retrieved Matter . | . . . . Retrieved Components . | . . . . Parts Scanalyzed . | . . . . Part Schematics Acquired . | . . . . Parts Damaged . | . . . . Bothacking | -11 -10 -10 -10 ------------ Run | Jun Mat Min Sub Used RIF Installer . | . . . . Robots Hacked . | . . . . Non-combat . | . . . . Combat . | . . . . Robot Hacks Applied . | . . . . Relay Couplers Released . | . . . . Fabnet Peak Effective % . | . . . . Robots Rewired . | . . . . Allies Hacked . | . . . . Hacks Repelled . | . . . . Allies | -11 -10 -10 -10 -------- Run | Jun Mat Min Sub Total Allies . | . . . . Largest Group . | . . . . Highest-Rated Group . | . . . . Highest-Rated Ally . | . . . . Total Orders . | . . . . Ally Attacks . | . . . . Total Damage . | . . . . Kills . | . . . . Allies Corrupted . | . . . . Allies Melted . | . . . . Intel | -11 -10 -10 -10 ------- Run | Jun Mat Min Sub Robot Analysis Total . | . . . . Derelict Logs Recovered 2 | . . . 2 Drone Launches . | . . . . Drone Recoveries . | . . . . Exploration | -11 -10 -10 -10 ------------- Run | Jun Mat Min Sub Turns Passed 4777 | 4 327 473 3973 Spaces Moved 1922 | 4 164 195 1559 Core . | . . . . Treads 883 | . . . 883 Legs 1039 | 4 164 195 676 Wheels . | . . . . Hover . | . . . . Flight . | . . . . Fastest Speed 120 | 120 120 120 200 Average Speed 231 | 120 165 222 240 Slowest Speed 260 | 120 190 260 260 Overloaded Moves . | . . . . Propulsion Burnouts . | . . . . Robots Hopped . | . . . . Cave-ins Triggered . | . . . . Exploration Rate (%) 34 | 3 28 46 60 Regions Visited 3 Branch Regions 2 Pre-discovered Areas . | . . . . Known Exits Taken . | . . . . Unknown Exits Taken 3 | 1 1 1 . Scrap Searched 5 | . . 2 3 Spaces Dug . | . . . . Terrain Destroyed 117 | . . . 117 Melee . | . . . . Projectile . | . . . . AOE 117 | . . . 117 Terrain Rammed . | . . . . Walls Destroyed . | . . . . Machines Disabled . | . . . . Actions | -11 -10 -10 -10 --------- Run | Jun Mat Min Sub Total 2134 | 3 193 217 1721 Wait 64 | . 2 3 59 Move 1919 | 3 163 194 1559 Hop . | . . . . Pick Up 33 | . 7 3 23 Fast Attach 6 | . 1 . 5 Attach 8 | . 1 . 7 Detach 4 | . 1 . 3 Swap 12 | . 2 4 6 Drop 17 | . 1 2 14 Fire 71 | . 15 11 45 Melee . | . . . . Ram . | . . . . Kick . | . . . . Crush . | . . . . Escape Stasis . | . . . . Rewire . | . . . . Trap . | . . . . Miscellaneous . | . . . . Route ------- -11/Junkyard -10/Materials (discovered 2 exits: [*Min x2]) -10/Mines -10/Subcaves History --------- Turn | Location | Event 1 | -11/Junkyard | Discovered new exit (range 3) 5 | -11/Junkyard | Entered Materials 11 | -10/Materials | Discovered new exit (range 13) 290 | -10/Materials | Discovered new exit (range 15) 300 | -10/Materials | Build established: Mutant 332 | -10/Materials | Entered Mines 341 | -10/Mines | Met a Derelict bent on vengeance 750 | -10/Mines | Discovered new exit (range 13) 805 | -10/Mines | Entered Subcaves 990 | -10/Subcaves | Visited Clippyterm 1789 | -10/Subcaves | Learned location of 1 exit from Materials 2121 | -10/Subcaves | Build established: Derelict-Mutant 2464 | -10/Subcaves | Core integrity fell below 50% 2509 | -10/Subcaves | Lost 3 parts (2n1w) 2657 | -10/Subcaves | Build established: Subdweller-Mutant 3247 | -10/Subcaves | Core integrity fell below 20% 3544 | -10/Subcaves | Build established: Mutant 3581 | -10/Subcaves | Ambushed by Subdweller buried in earth 3684 | -10/Subcaves | A swath of the cavern ceiling suddenly collapsed 4409 | -10/Subcaves | Build established: Derelict-Mutant 4549 | -10/Subcaves | Shifting Twisted Machinery released Sub. Monowheel 4551 | -10/Subcaves | Shifting Twisted Machinery released Sub. Laser 4624 | -10/Subcaves | Learned Materials emergency access door positions 4770 | -10/Subcaves | A Subdweller sparked back to life 4770 | -10/Subcaves | A Subdweller sparked back to life 4778 | -10/Subcaves | Destroyed by IM-FXN(R) with Subdweller Machine Gun Last Messages --------------- 04607_ Acquired Mak. Armor Plating. 04611_ Dropped Assault Rifle. 04612_ Acquired Slug Cannon. 04624_ Acquired derelict log, extracted data. Data stored: Materials emergency access points. 04691_ Searching scrap... 04691_ Found Shrapnel Trap. 04691_ Found Sub. Monowheel. 04691_ Found 19 Matter. 04692_ Acquired 19 matter. 04694_ Dropped Scrap Shield Fragment. 04697_ Acquired Shrapnel Trap. 04719_ JT-QEQ(u) tweaks Twisted Machinery. 04728_ Triggered Piercing Trap. 04728_ Spikes shoot up from the floor. 04728_ Critical hit (Impale). 04770_ 8E-SGG(R) creaks and sparks as it begins to move. 04770_ SF-0LL(R) creaks and sparks as it begins to move. 04773_ SF-0LL(R) suffers critical hit (Destroy). 04773_ SF-0LL(R) destroyed. Map ----- +----------------------------------------------------+ | ####### # # "" #?????????????????????? | | ###?????######## [ ""##?????????????????????? | | " ""#??????????????# "" #??????????????????????? | | """"#??????????????## ## #??????????????????????? | | """"#??????????????## ####??????????????????????? | | "[" #??????????????# #???????"????????????????? | | ""#??????????????## #????## "????????????????? | | ???????????????## ##???" ?????????????????? | | ???????????????# #???" #??????????????????? | | ????????????????# ##??? #? "#???????????????? | | ??????????????????# ##??? ## ????????????????? | | ??????????????????# ##??# ??????????????????? | | ??????????????????# #<# #???????????????????? | | ??????????????????# " # #???????????????????? | | ??????????????????# & #???????????????????? | | ??????????????????# << ##???????????????????? | | ??????????????????## "&%= ##????????????????????? | | ???????????????????## &&%!##?????????????????????? | | ????????????????????#=# ][##?????????????????????? | | ???????????????????## ! #?????????????????????? | | ???????????????????# ##?????????????????????? | | ???????????????????##R # ##????????????????????? | | ???????????????????# #R ##???????????????????? | | ???????????????????## # #???????????????????? | | ???????????????????# ^ ^##???????????????????? | | ???????????????????## #@ #????????????????????? | | ???????????????????# ##^ #????????????????????? | | ???????????????????## #### #????????????????????? | | ????????????????????#"#??? #????????????????????? | | ????????????????????#"#??? ##????????????????????? | | ????????????????????#"#??? #?????????????????????? | | ???????????????????? #????#?????????????????????? | | ????????????????????" "??????????????????????????? | | ????????????????????"""??????????????????????????? | | ????????????????????"""??????????????????????????? | | ?????????????????????????????????????????????????? | | ?????????????????????????????????????????????????? | | ?????????????????????????????????????????????????? | | ?????????????????????????????????????????????????? | | ?????????????????????????????????????????????????? | | ?????????????????????????????????????????????????? | | ?????????????????????????????????????????????????? | | ?????????????????????????????????????????????????? | | ?????????????????????????????????????????????????? | | ?????????????????????????????????????????????????? | | ?????????????????????????????????????????????????? | | ?????????????????????????????????????????????????? | | ?????????????????????????????????????????????????? | | ?????????????????????????????????????????????????? | | ?????????????????????????????????????????????????? | +----------------------------------------------------+ Best States ------------- Heat Dissipation 25 Energy Generation 15 Energy Capacity 250 Matter Stores 300 Matter Capacity 300 Sight Range 16 Terrain Scan Density 10 Armor Coverage 150 Evasion (%) 55 Recoil Reduction 2 Item Schematics ----------------- None Robot Schematics ------------------ None Fabricated ------------ Nothing Alien Tech Used ----------------- None Achievements -------------- None Challenges ------------ None Game ------ Seed CoolantDispersionScythe Manual? 0 Play Time 00:22:20 Cumulative 41.5 hours Start 2023.07.31 @ 15:41:57 End 2023.07.31 @ 16:04:00 Sessions 1 Manual Loads 0 Difficulty Rogue Special Mode None Game No. 26 Rogue 26 Adventurer 0 Explorer 0 Win Type - Total 1 Types 1/0/0/0/0/0/0/0/0 Lore% 23 Gallery% 43 Achievement% 29 Wizard Run 0 Options --------- ASCII 0 Keyboard 1 Movement Numpad Keybinds 0 Fullscreen 1 Font 24/Smallcaps Map View 76x50 Tactical HUD 1 Map Filters NONE Filters NONE Steam 1 RUN: 08584ce7-680f-4064-813a-b6d425cb7577